 Dungeon Crawl Stone Soup version 0.30.1-9-gdf580d7c3d (webtiles) character file.

Game seed: 18148441425208220125

469 Peloso the Slasher (level 6, -1/56 HPs)
             Began as a Minotaur Fighter on Oct 21, 2023.
             Succumbed to a water moccasin's poison
             ... on level 5 of the Dungeon.
             The game lasted 00:07:42 (3516 turns).

Peloso the Slasher (Minotaur Fighter)               Turns: 3516, Time: 00:07:42

Health: -1/56      AC: 11    Str: 21    XL:     6   Next: 82%
Magic:  5/5        EV:  8    Int:  5    God:
Gold:   95         SH:  5    Dex: 11    Spells: 5/5 levels left

rFire   + . .        a - +0 long sword of Makhleb, Lusting {heavy, rF+ rC- rN+}
rCold   x . .        c - +0 buckler
rNeg    + . .        u - +0 chain mail
rPois   .            (helmet restricted)
rElec   .            n - +0 cloak
rCorr   .            (no gloves)
SInv    .            (no boots)
Will    +....        (no amulet) Stlth
                     f - ring of willpower
HPRegen 0.29/turn    (no ring)
MPRegen 0.09/turn

%: no passive effects
@: lethally poisoned (-1 -> -8)
A: horns 2, retaliatory headbutt
a: no special abilities


You were on level 5 of the Dungeon.
You visited 1 branch of the dungeon, and saw 5 of its levels.

You collected 282 gold pieces.
You spent 187 gold pieces at shops.

Inventory:

Hand Weapons
 a - the +0 long sword of Makhleb, Lusting (weapon) {heavy, rF+ rC- rN+}
   (You bought it in a shop on level 4 of the Dungeon)

   rF:        It protects you from fire.
   rC:        It makes you vulnerable to cold.
   rN:        It protects you from negative energy.
Armour
 b - a +0 scale mail
 c - a +0 buckler (worn)
 n - a +0 cloak (worn)
 u - a +0 chain mail (worn)
Jewellery
 e - a ring of see invisible
 f - a ring of willpower (left hand)
 o - a ring of willpower
Wands
 t - a wand of paralysis (10)
 w - a wand of digging (5)
Scrolls
 g - 4 scrolls of teleportation
 h - 4 scrolls of magic mapping
 j - a scroll of brand weapon
 k - a scroll of enchant weapon
 l - 5 scrolls of identify
 q - 2 scrolls of noise
Potions
 d - 3 potions of might
 i - 2 potions of lignification {unknown}
 m - a potion of curing


   Skills:
 + Level 5.0 Fighting
 + Level 5.8 Long Blades
 + Level 5.7 Armour
 + Level 1.5 Dodging
 + Level 0.6 Stealth
 + Level 4.4 Shields


You had 5 spell levels left.
You didn't know any spells.
Your spell library contained the following spells:

 Spells                   Type           Power      Damage    Failure   Level
 Beastly Appendage        Tmut           0%         N/A       99%         1
 Wereblood                Tmut           0%         N/A       99%         2
 Ozocubu's Armour         Ice            0%         N/A       100%        3
 Spider Form              Tmut/Pois      0%         N/A       100%        3
 Passage of Golubria      Tloc           0%         N/A       100%        4
 Silence                  Hex/Air        0%         N/A       100%        5
 Ozocubu's Refrigeration  Ice            0%         4d7       100%        7
 Borgnjor's Revivificati  Necr           0%         N/A       100%        8
 Lehudib's Crystal Spear  Conj/Erth      0%         10d2      100%        8
 Necromutation            Tmut/Necr      0%         N/A       100%        8
 Death's Door             Necr           0%         N/A       100%        9


Dungeon Overview and Level Annotations

Branches:
Dungeon (5/15)
 Temple: D:4-7

Altars:
Elyvilon
Ru
Yredelemnul

Shops:
D:1 ([?:=   D:4 (*((


Innate Abilities, Weirdness & Mutations

You have a pair of horns on your head.
You reflexively headbutt those who attack you in melee.


Message History

The orc barely misses you. You block the orc's attack.
The orc hits you with a +0 morningstar!
* * * LOW HITPOINT WARNING * * *
You slash the orc!
You kill the orc!
The orc hits you with a +0 morningstar.
* * * LOW HITPOINT WARNING * * *
The orc hits you but does no damage. The orc completely misses you.
You furiously retaliate!
You headbutt the orc! The orc hits you but does no damage.
You barely miss the orc. You headbutt the orc!
You kill the orc!
The orc hits you but does no damage.
An orc comes into view. It is wielding a +0 club.
Your Fighting skill increases to level 5!
Unknown command.
You slash the orc!
You kill the orc!
Unknown command.
There is an open door here.
You open the door.
There is an open door here.
A water moccasin comes into view.
The water moccasin hisses angrily.
You closely miss the water moccasin. The water moccasin bites you.
* * * LOW HITPOINT WARNING * * *
You are lethally poisoned!
The water moccasin poisons you!
The water moccasin completely misses you.
An orc opens the door.
The water moccasin closely misses you.
You closely miss the water moccasin.
Your headbutt misses the water moccasin.
* * * LOW HITPOINT WARNING * * *
You feel very sick. The water moccasin closely misses you.
The water moccasin completely misses you.
You furiously retaliate!
You headbutt the water moccasin! You slice the water moccasin!!
The water moccasin is almost dead.
You die...

............########+##...#......
#####.................#...##.....
#...#####+##..........#....#.....
'..........#..........#....#.....
#......o...'.....÷....#....#.....
#..........#.....♣.♣♣♣+....'.....
#..........#.o.o.♣.♣.♣♣+####.....
#..........###oS♣...♣.[........#+
######.....##.♣♣@♣♣♣♣..♣.......#
.....########.♣.♣♣...♣♣........#
.....#........♣...._.♣.♣♣......#
.....#........♣..♣...♣♣ ♣......#
..)).#........♣♣.♣♣.♣♣ ♣......#
.†))o#..........♣...♣ .......#
.....#.......<...♣.♣..♣........#
.....#####+##...#♣♣.♣♣.........#
...... #...# ## ...


You could see a water moccasin and 3 orcs.

Vanquished Creatures
  2 scorpions
  A howler monkey (D:5)
  A bullfrog zombie (D:5)
  2 iguanas
  Ijyb (D:3)
  2 hound zombies (D:5)
  A howler monkey zombie (D:5)
  4 adders
  A white imp (D:3)
  22 orcs
  5 endoplasms
  5 giant cockroaches
  9 goblins
  5 hobgoblins
  3 jackals (D:2)
  6 kobolds
  A quokka (D:3)
  7 ball pythons
  5 bats
  7 frilled lizards
  5 rats
95 creatures vanquished.

Notes
Turn   | Place    | Note
-------+----------+-------------------------------------------
     0 | D:1      | Peloso the Minotaur Fighter began the quest for the Orb.
     0 | D:1      | Reached XP level 1. HP: 19/19 MP: 0/0
    42 | D:1      | Found Mohaeriz's Jewellery Emporium.
    63 | D:1      | Found a faded altar of an unknown god.
    90 | D:1      | Found Qix Qoiw's Antique Armour Shop.
   146 | D:1      | Found Diumeq's Magic Scroll Shoppe.
   150 | D:1      | Found Qoqy Gafu's Book Shoppe.
   399 | D:1      | Reached XP level 2. HP: 26/27 MP: 1/1
   669 | D:1      | Found Hopixoga's Antique Weapon Shoppe.
   829 | D:2      | Reached XP level 3. HP: 33/33 MP: 2/2
  1397 | D:3      | Reached XP level 4. HP: 16/41 MP: 3/3
  1850 | D:3      | Found a sacrificial altar of Ru.
  1854 | D:3      | Found a white marble altar of Elyvilon.
  1864 | D:3      | Noticed Ijyb
  1866 | D:3      | Paralysed by Ijyb for 5 turns
  1873 | D:3      | Killed Ijyb
  2091 | D:3      | Reached XP level 5. HP: 46/47 MP: 4/4
  2732 | D:4      | Found Pyatez's General Store.
  2738 | D:4      | Bought a scroll of identify for 26 gold pieces
  2787 | D:4      | Found Xeafag's Weapon Shop.
  2885 | D:4      | Reached skill level 5 in Armour
  2896 | D:4      | Found Ovviut's Antique Weapon Boutique.
  2906 | D:4      | Bought a faintly glowing long sword for 161 gold pieces
  2906 | D:4      | Identified the +0 long sword of Makhleb, Lusting {heavy,
                  | rF+ rC- rN+} (You bought it in a shop on level 4 of the
                  | Dungeon)
  2945 | D:4      | Found Mumy's Antique Weapon Boutique.
  3283 | D:5      | Entered Level 5 of the Dungeon
  3288 | D:5      | Found a basalt altar of Yredelemnul.
  3297 | D:5      | Reached skill level 5 in Long Blades
  3297 | D:5      | Reached XP level 6. HP: 53/53 MP: 5/5
  3301 | D:5      | Reached skill level 1 in Dodging
  3476 | D:5      | HP: 2/55 [iguana (8)]
  3482 | D:5      | HP: 1/55 [orc/+0 hand axe (2)]
  3487 | D:5      | Reached skill level 5 in Fighting
  3509 | D:5      | Noticed a water moccasin
  3515 | D:5      | HP: 1/56 [poisoned by a water moccasin]
  3516 | D:5      | Succumbed to a water moccasin's poison

Illustrated notes

Levels and vault maps discovered:
D:1:      dpeg_arrival_round_a, layout_basic, basic_ecumenical_altar,
          serial_shops, nicolae_shop_crystal, nicolae_book_shop_shelving, shop,
          shop_fountains, shop, serial_park_tiny_pond
D:2:      layout_basic
D:3:      layout_rooms, nicolae_overflow_hidden_temple, minmay_between,
          uniq_ijyb
D:4:      layout_cave_pods, serial_shops, shop, nicolae_shop_statue_plus,
          nicolae_shop_bloodbath_and_beyond, nicolae_shop_rolling_square
D:5:      layout_gridville, nicolae_yredelemnul_corpse_copse, minmay_crossroads,
          uniq_duvessa

Skill      XL: |  1  2  3  4  5  6 |
---------------+-------------------+-----
Fighting       | 4 5 |  5.0
Armour         | 4 5 |  5.7
Shields        | 4 |  4.4
Long Blades    | 3 4 5 |  5.8
Dodging        | 1 |  1.5
Stealth        | |  0.6

Action                     |  1- 3 |  4- 6 || total
---------------------------+-------+-------++-------
  Melee: Long sword        |    86 |    48 ||   134
         Headbutt          |    10 |    19 ||    29
         Falchion          |       |    79 ||    79
    Use: Potion            |       |     7 ||     7
         Scroll            |       |     7 ||     7
 Armour: Scale mail        |    45 |    26 ||    71
         Chain mail        |       |    66 ||    66
  Dodge: Dodged            |    40 |    62 ||   102
  Block: Buckler           |    22 |    29 ||    51
